[ AOE2 MATCH · #483913931 ]
UnrankedBritons vs Italians
[ REPLAY ANALYSIS · EXTRACTED FROM THE RECORDED GAME ]
Feudal
12:00
Castle
15:55
Imperial
—
| APM avg | 47.9 |
| APM peak | 84 |
| eAPM avg | 20.3 |
| Villagers / military | 160 / 73 |
Focus
⚔️ 29.6% · 🌾 70.4%
Longbowman ×54 · Archer ×14 · Fishing Ship ×4 · Battering Ram ×3 · Mangonel ×2
Feudal
10:24
Castle
24:28
Imperial
—
| APM avg | 37.7 |
| APM peak | 86 |
| eAPM avg | 19.4 |
| Villagers / military | 99 / 149 |
Focus
⚔️ 36.2% · 🌾 63.8%
Archer ×140 · Mangonel ×5 · Battering Ram ×3 · Monk ×1
Feudal
10:17
Castle
21:42
Imperial
40:19
| APM avg | 38.3 |
| APM peak | 94 |
| eAPM avg | 19.0 |
| Villagers / military | 116 / 117 |
Focus
⚔️ 29.2% · 🌾 70.8%
Archer ×92 · Spearman ×14 · Fishing Ship ×6 · Longbowman ×5 · Mangonel ×2 · Trebuchet (Packed) ×2
Feudal
9:35
Castle
22:35
Imperial
—
| APM avg | 52.8 |
| APM peak | 116 |
| eAPM avg | 30.4 |
| Villagers / military | 108 / 99 |
Focus
⚔️ 27.0% · 🌾 73.0%
Knight ×83 · Scout Cavalry ×15 · Battering Ram ×1
Feudal
10:09
Castle
20:31
Imperial
39:56
| APM avg | 21.5 |
| APM peak | 38 |
| eAPM avg | 13.2 |
| Villagers / military | 78 / 60 |
Focus
⚔️ 27.1% · 🌾 72.9%
Knight ×36 · Fishing Ship ×14 · Spearman ×12 · Longbowman ×10 · Trebuchet (Packed) ×2
Feudal
10:15
Castle
25:13
Imperial
—
| APM avg | 19.8 |
| APM peak | 57 |
| eAPM avg | 9.2 |
| Villagers / military | 55 / 26 |
Focus
⚔️ 19.4% · 🌾 80.6%
Spearman ×21 · Scout Cavalry ×5
Match map
Initial resources + every placement click. Lines = walls · curves = elevation contours. ◆ gold · ⬟ stone · ● berries · ✦ relic · ◌ wall gap
Your base· ✓ Closed at 15:55 · 5t walls · 20 gate(s)
marty.'s base· ✓ Closed at 24:28 · 0t walls · 23 gate(s)
gobot's base· ✓ Closed at 21:42 · 0t walls · 15 gate(s)
schlauchnase's base· ✓ Closed at 22:35 · 0t walls · 19 gate(s)
Sebastian's base· ✓ Closed at 20:31 · 0t walls · 17 gate(s)
CH1ll3n's base· ✓ Closed at 25:13 · 0t walls · 16 gate(s)
Smoothed initial terrain · ◌ = detected wall gap · hover for details
Inputs per minute
— 4k1m - - marty.
Build order — 4k1m
First 150 of 315 actions detected
| 0:00 | Create | Villager (Male) |
| 0:00 | Create | Villager (Male) |
| 0:00 | Create | Villager (Male) |
| 0:01 | Create | Villager (Male) |
| 0:01 | Create | Villager (Male) |
| 0:03 | Build | House |
| 0:04 | Build | House |
| 1:08 | Create | Villager (Male) |
| 1:41 | Create | Villager (Male) |
| 1:57 | Create | Villager (Male) |
| 1:57 | Create | Villager (Male) |
| 2:18 | Build | Lumber Camp |
| 2:38 | Create | Villager (Male) |
| 2:56 | Create | Villager (Male) |
| 2:57 | Create | Villager (Male) |
| 3:28 | Build | House |
| 3:55 | Create | Villager (Male) |
| 3:55 | Create | Villager (Male) |
| 4:01 | Build | Mill |
| 4:06 | Create | Villager (Male) |
| 4:32 | Create | Villager (Male) |
| 4:32 | Create | Villager (Male) |
| 4:42 | Create | Villager (Male) |
| 4:43 | Create | Villager (Male) |
| 5:24 | Create | Villager (Male) |
| 5:24 | Create | Villager (Male) |
| 5:24 | Create | Villager (Male) |
| 5:35 | Build | Mill |
| 5:57 | Create | Villager (Male) |
| 6:33 | Build | Farm |
| 6:34 | Create | Villager (Male) |
| 6:34 | Create | Villager (Male) |
| 6:34 | Create | Villager (Male) |
| 6:55 | Build | House |
| 7:02 | Build | House |
| 7:04 | Create | Villager (Male) |
| 7:04 | Create | Villager (Male) |
| 7:07 | Research | Loom |
| 7:41 | Build | Farm |
| 7:44 | Create | Villager (Male) |
| 7:45 | Create | Villager (Male) |
| 7:45 | Create | Villager (Male) |
| 7:45 | Create | Villager (Male) |
| 7:45 | Create | Villager (Male) |
| 7:45 | Create | Villager (Male) |
| 7:46 | Create | Villager (Male) |
| 7:46 | Create | Villager (Male) |
| 9:11 | Build | Mining Camp |
| 9:19 | Research | Feudal Age |
| 9:20 | Research | Feudal Age |
| 10:00 | Create | Villager (Male) |
| 10:00 | Create | Villager (Male) |
| 11:27 | Build | House |
| 12:00 | Age | Feudal Age |
| 12:04 | Build | Market |
| 12:06 | Build | Blacksmith |
| 12:17 | Build | House |
| 12:34 | Build | Palisade Wall |
| 12:42 | Create | Villager (Male) |
| 12:56 | Research | Castle Age |
| 13:02 | Build | Mining Camp |
| 13:28 | Build | Palisade Wall |
| 13:29 | Build | Palisade Wall |
| 13:46 | Build | Palisade Wall |
| 13:49 | Build | Palisade Wall |
| 14:16 | Build | House |
| 14:31 | Build | Watch Tower |
| 14:40 | Build | Watch Tower |
| 14:51 | Create | Villager (Male) |
| 15:01 | Build | House |
| 15:05 | Build | House |
| 15:08 | Build | House |
| 15:55 | Age | Castle Age |
| 16:02 | Build | House |
| 16:10 | Build | Barracks |
| 16:14 | Build | House |
| 16:18 | Build | House |
| 16:23 | Create | Villager (Male) |
| 16:24 | Create | Villager (Male) |
| 16:50 | Build | House |
| 17:01 | Create | Villager (Male) |
| 17:01 | Create | Villager (Male) |
| 17:44 | Build | Castle |
| 17:53 | Build | Farm |
| 17:59 | Create | Villager (Male) |
| 18:35 | Create | Longbowman |
| 18:35 | Create | Longbowman |
| 18:35 | Create | Longbowman |
| 18:35 | Create | Longbowman |
| 19:36 | Create | Villager (Male) |
| 19:39 | Build | Farm |
| 19:39 | Build | Farm |
| 20:01 | Create | Villager (Male) |
| 20:29 | Build | Dock |
| 20:36 | Create | Villager (Male) |
| 20:37 | Create | Villager (Male) |
| 20:37 | Create | Villager (Male) |
| 20:48 | Build | Farm |
| 20:50 | Build | Farm |
| 20:59 | Research | Double-Bit Axe |
| 21:40 | Create | Villager (Male) |
| 21:40 | Create | Villager (Male) |
| 21:44 | Research | Fletching |
| 21:48 | Build | Farm |
| 21:58 | Create | Longbowman |
| 21:58 | Create | Longbowman |
| 21:58 | Create | Longbowman |
| 21:59 | Create | Villager (Male) |
| 22:22 | Build | Town Center |
| 22:23 | Create | Villager (Male) |
| 22:23 | Create | Villager (Male) |
| 22:24 | Create | Longbowman |
| 22:32 | Create | Villager (Male) |
| 22:38 | Build | Farm |
| 22:38 | Build | Farm |
| 22:40 | Build | Farm |
| 22:40 | Build | Farm |
| 22:40 | Build | Farm |
| 22:40 | Build | Farm |
| 22:47 | Create | Fishing Ship |
| 23:21 | Create | Villager (Male) |
| 23:21 | Create | Villager (Male) |
| 23:22 | Create | Longbowman |
| 23:22 | Create | Longbowman |
| 23:22 | Create | Longbowman |
| 23:37 | Create | Villager (Male) |
| 24:06 | Create | Villager (Male) |
| 24:06 | Create | Villager (Male) |
| 24:12 | Build | Siege Workshop |
| 24:22 | Create | Villager (Male) |
| 25:01 | Create | Villager (Male) |
| 25:01 | Create | Villager (Male) |
| 25:10 | Research | Bodkin Arrow |
| 25:10 | Research | Bodkin Arrow |
| 25:31 | Create | Villager (Male) |
| 25:32 | Create | Villager (Male) |
| 25:42 | Create | Villager (Male) |
| 25:45 | Build | Farm |
| 25:45 | Build | Farm |
| 25:46 | Build | Farm |
| 25:46 | Build | Farm |
| 25:56 | Build | University |
| 25:58 | Create | Fishing Ship |
| 26:19 | Create | Longbowman ×4 |
| 26:32 | Create | Villager (Male) |
| 26:32 | Create | Villager (Male) |
| 26:33 | Create | Villager (Male) |
| 26:33 | Create | Villager (Male) |
| 26:39 | Create | Villager (Male) |
| 26:44 | Build | Farm |
Build order — marty.
First 150 of 283 actions detected
| 0:00 | Create | Villager (Male) |
| 0:01 | Create | Villager (Male) |
| 0:01 | Create | Villager (Male) |
| 0:01 | Create | Villager (Male) |
| 0:03 | Build | House |
| 0:06 | Build | House |
| 1:30 | Create | Villager (Male) |
| 1:55 | Build | Lumber Camp |
| 2:08 | Create | Villager (Male) |
| 2:28 | Create | Villager (Male) |
| 2:44 | Create | Villager (Male) |
| 3:09 | Build | House |
| 3:14 | Create | Villager (Male) |
| 3:50 | Create | Villager (Male) |
| 4:08 | Create | Villager (Male) |
| 4:37 | Create | Villager (Male) |
| 4:59 | Create | Villager (Male) |
| 5:01 | Create | Villager (Male) |
| 5:14 | Create | Villager (Male) |
| 5:34 | Build | House |
| 5:58 | Create | Villager (Male) |
| 6:50 | Build | Mill |
| 6:51 | Create | Villager (Male) |
| 7:12 | Research | Loom |
| 7:35 | Create | Villager (Male) |
| 8:11 | Build | Mining Camp |
| 8:14 | Research | Feudal Age |
| 8:54 | Build | Barracks |
| 9:26 | Build | House |
| 10:02 | Create | Villager (Male) |
| 10:02 | Create | Villager (Male) |
| 10:07 | Build | Farm |
| 10:24 | Age | Feudal Age |
| 10:27 | Build | Archery Range |
| 10:51 | Create | Villager (Male) |
| 10:56 | Build | Farm |
| 10:59 | Build | Farm |
| 11:19 | Create | Villager (Male) |
| 11:27 | Create | Archer |
| 11:27 | Create | Archer |
| 11:36 | Create | Villager (Male) |
| 11:47 | Research | Double-Bit Axe |
| 11:59 | Create | Villager (Male) |
| 12:22 | Create | Archer |
| 12:40 | Create | Archer |
| 12:47 | Build | House |
| 12:50 | Build | House |
| 12:55 | Create | Villager (Male) |
| 12:55 | Create | Villager (Male) |
| 13:04 | Research | Town Watch |
| 13:08 | Create | Archer |
| 13:08 | Create | Archer |
| 13:17 | Create | Archer |
| 13:17 | Create | Archer |
| 13:43 | Create | Archer |
| 13:44 | Create | Villager (Male) |
| 13:45 | Create | Villager (Male) |
| 13:45 | Create | Villager (Male) |
| 13:45 | Create | Villager (Male) |
| 13:47 | Build | Farm |
| 13:50 | Build | Farm |
| 13:52 | Build | Farm |
| 14:43 | Create | Archer |
| 14:43 | Create | Archer |
| 14:51 | Create | Archer |
| 14:52 | Create | Archer |
| 15:01 | Create | Villager (Male) |
| 15:03 | Create | Villager (Male) |
| 15:39 | Build | Blacksmith |
| 15:47 | Create | Archer |
| 15:48 | Create | Villager (Male) |
| 15:53 | Build | House |
| 16:12 | Create | Villager (Male) |
| 16:15 | Build | House |
| 16:16 | Build | House |
| 16:17 | Build | House |
| 16:30 | Create | Archer |
| 16:30 | Create | Archer |
| 16:31 | Create | Villager (Male) |
| 16:33 | Build | House |
| 16:36 | Research | Fletching |
| 16:41 | Create | Villager (Male) |
| 17:44 | Create | Villager (Male) |
| 17:48 | Build | Farm |
| 17:50 | Build | Farm |
| 17:51 | Create | Villager (Male) |
| 17:55 | Build | House |
| 17:58 | Build | Lumber Camp |
| 18:00 | Create | Archer |
| 18:01 | Create | Archer |
| 18:01 | Create | Archer |
| 18:25 | Build | Archery Range |
| 18:56 | Create | Villager (Male) |
| 18:59 | Build | Farm |
| 19:01 | Build | Farm |
| 19:03 | Build | Farm |
| 19:13 | Research | Horse Collar |
| 19:47 | Create | Villager (Male) |
| 19:49 | Build | House |
| 19:51 | Build | Farm |
| 20:06 | Create | Villager (Male) |
| 20:08 | Build | Farm |
| 20:11 | Build | Farm |
| 20:23 | Build | House |
| 20:26 | Create | Villager (Male) |
| 20:38 | Build | Farm |
| 20:40 | Build | Farm |
| 21:13 | Create | Villager (Male) |
| 21:17 | Build | Farm |
| 21:23 | Build | Mining Camp |
| 21:39 | Create | Archer |
| 21:40 | Create | Archer |
| 21:46 | Build | House |
| 21:48 | Research | Castle Age |
| 21:51 | Create | Archer |
| 21:51 | Create | Archer |
| 22:31 | Create | Archer |
| 22:31 | Create | Archer |
| 22:32 | Create | Villager (Male) |
| 22:33 | Create | Villager (Male) |
| 22:33 | Create | Villager (Male) |
| 22:36 | Build | House |
| 22:41 | Create | Archer |
| 22:42 | Create | Archer |
| 22:57 | Create | Archer |
| 22:57 | Create | Archer |
| 23:05 | Research | Padded Archer Armor |
| 23:27 | Build | Archery Range |
| 24:28 | Age | Castle Age |
| 24:31 | Research | Crossbowman (upgrade) |
| 24:33 | Research | Bodkin Arrow |
| 24:40 | Build | Archery Range |
| 24:53 | Build | Archery Range |
| 25:09 | Create | Archer |
| 25:09 | Create | Archer |
| 25:10 | Create | Archer |
| 25:11 | Create | Archer |
| 25:12 | Create | Archer |
| 25:21 | Research | Thumb Ring |
| 25:22 | Create | Archer ×4 |
| 25:22 | Create | Archer ×5 |
| 25:28 | Create | Villager (Male) |
| 25:41 | Build | Mining Camp |
| 25:52 | Create | Archer ×3 |
| 26:15 | Build | Mining Camp |
| 26:17 | Create | Villager (Male) |
| 26:17 | Create | Villager (Male) |
| 26:20 | Create | Archer |
| 26:20 | Create | Archer |
| 26:37 | Create | Archer |
Build order — gobot
First 150 of 300 actions detected
| 0:01 | Create | Villager (Male) ×4 |
| 0:04 | Build | House |
| 0:05 | Build | House |
| 1:21 | Create | Villager (Male) |
| 1:53 | Create | Villager (Male) |
| 2:10 | Create | Villager (Male) |
| 2:16 | Build | Lumber Camp |
| 2:43 | Create | Villager (Male) |
| 2:43 | Create | Villager (Male) |
| 3:30 | Build | House |
| 3:31 | Build | House |
| 3:39 | Create | Villager (Male) |
| 4:15 | Create | Villager (Male) |
| 4:16 | Create | Villager (Male) |
| 4:47 | Create | Villager (Male) |
| 5:13 | Create | Villager (Male) |
| 5:23 | Build | Dock |
| 5:46 | Create | Villager (Male) |
| 6:00 | Create | Fishing Ship |
| 6:09 | Create | Villager (Male) |
| 6:47 | Create | Villager (Male) |
| 6:48 | Create | Villager (Male) |
| 6:49 | Create | Fishing Ship |
| 7:28 | Build | House |
| 7:34 | Create | Fishing Ship |
| 7:38 | Research | Loom |
| 8:07 | Research | Feudal Age |
| 8:25 | Build | Lumber Camp |
| 8:52 | Create | Fishing Ship |
| 9:06 | Create | Villager (Male) |
| 9:35 | Build | House |
| 9:44 | Build | Mining Camp |
| 10:17 | Age | Feudal Age |
| 10:20 | Build | Barracks |
| 10:25 | Create | Unit 2626 |
| 10:35 | Create | Villager (Male) |
| 11:02 | Create | Villager (Male) |
| 11:09 | Build | Archery Range |
| 11:16 | Create | Villager (Male) |
| 11:48 | Build | Archery Range |
| 11:52 | Create | Villager (Male) |
| 11:54 | Research | Double-Bit Axe |
| 12:15 | Create | Archer |
| 12:22 | Create | Villager (Male) |
| 12:31 | Build | Blacksmith |
| 12:35 | Create | Archer |
| 12:37 | Create | Villager (Male) |
| 12:53 | Build | House |
| 12:54 | Build | House |
| 13:05 | Create | Archer |
| 13:15 | Build | Mill |
| 13:22 | Create | Archer |
| 13:22 | Create | Archer |
| 13:27 | Research | Fletching |
| 13:38 | Build | Mill |
| 13:40 | Create | Villager (Male) |
| 13:42 | Create | Archer |
| 13:42 | Create | Archer |
| 14:10 | Create | Archer |
| 14:11 | Create | Villager (Male) |
| 14:17 | Create | Archer |
| 14:19 | Create | Villager (Male) |
| 14:42 | Create | Archer |
| 14:52 | Build | House |
| 14:53 | Build | House |
| 14:59 | Create | Villager (Male) |
| 15:08 | Create | Archer |
| 15:14 | Build | Farm |
| 15:17 | Build | Farm |
| 15:23 | Create | Villager (Male) |
| 15:47 | Create | Archer |
| 15:50 | Create | Villager (Male) |
| 16:30 | Create | Archer |
| 16:30 | Create | Archer |
| 16:31 | Create | Villager (Male) |
| 17:18 | Create | Archer |
| 17:18 | Create | Archer |
| 17:20 | Create | Villager (Male) |
| 17:26 | Build | House |
| 17:26 | Build | House |
| 17:31 | Build | Market |
| 17:35 | Build | Farm |
| 17:35 | Build | Farm |
| 17:35 | Build | Farm |
| 18:09 | Create | Archer |
| 18:09 | Create | Archer |
| 18:32 | Create | Archer |
| 18:32 | Create | Archer |
| 18:46 | Create | Spearman |
| 19:02 | Research | Castle Age |
| 19:04 | Create | Archer |
| 19:11 | Build | Farm |
| 19:16 | Research | Padded Archer Armor |
| 19:23 | Create | Archer |
| 19:24 | Create | Archer |
| 19:29 | Create | Villager (Male) |
| 19:29 | Create | Villager (Male) |
| 19:39 | Create | Fishing Ship |
| 19:40 | Create | Fishing Ship |
| 19:47 | Create | Archer |
| 19:48 | Create | Archer |
| 20:30 | Create | Archer |
| 20:30 | Create | Archer |
| 20:40 | Build | House |
| 20:41 | Build | House |
| 20:42 | Build | House |
| 20:42 | Build | House |
| 21:09 | Create | Archer |
| 21:09 | Create | Archer |
| 21:11 | Create | Spearman |
| 21:12 | Create | Spearman |
| 21:16 | Build | House |
| 21:17 | Build | House |
| 21:42 | Build | Mining Camp |
| 21:42 | Age | Castle Age |
| 21:47 | Build | Town Center |
| 21:49 | Research | Crossbowman (upgrade) |
| 21:50 | Research | Bodkin Arrow |
| 22:08 | Create | Transport Ship |
| 22:14 | Create | Villager (Male) |
| 22:15 | Create | Villager (Male) |
| 22:26 | Research | Leather Archer Armor |
| 22:40 | Create | Villager (Male) |
| 22:42 | Create | Archer |
| 22:47 | Build | Farm |
| 22:49 | Create | Villager (Male) |
| 22:57 | Create | Villager (Male) |
| 23:20 | Create | Archer |
| 23:21 | Create | Villager (Male) |
| 23:21 | Create | Villager (Male) |
| 23:28 | Build | Mining Camp |
| 23:46 | Create | Villager (Male) |
| 23:49 | Research | Town Watch |
| 24:05 | Build | University |
| 24:08 | Create | Villager (Male) |
| 24:15 | Create | Archer |
| 24:15 | Create | Archer |
| 24:16 | Create | Archer |
| 24:18 | Create | Archer |
| 24:41 | Create | Villager (Male) |
| 24:42 | Create | Villager (Male) |
| 24:47 | Build | Siege Workshop |
| 24:52 | Create | Archer |
| 24:52 | Create | Archer |
| 24:58 | Create | Villager (Male) |
| 25:09 | Build | Farm |
| 25:10 | Build | Farm |
| 25:10 | Build | Farm |
| 25:34 | Create | Archer |
| 25:35 | Create | Archer |
Build order — schlauchnase
First 150 of 315 actions detected
| 0:01 | Create | Villager (Male) |
| 0:02 | Create | Villager (Male) |
| 0:02 | Create | Villager (Male) |
| 0:04 | Build | House |
| 0:05 | Build | House |
| 0:14 | Create | Villager (Male) |
| 1:29 | Create | Villager (Male) |
| 1:44 | Create | Villager (Male) |
| 2:01 | Build | Lumber Camp |
| 2:16 | Create | Villager (Male) |
| 3:06 | Create | Villager (Male) |
| 3:26 | Create | Villager (Male) |
| 3:38 | Build | House |
| 4:02 | Create | Villager (Male) |
| 4:18 | Create | Villager (Male) |
| 4:49 | Create | Villager (Male) |
| 4:49 | Create | Villager (Male) |
| 5:08 | Build | Mill |
| 5:27 | Create | Villager (Male) |
| 5:51 | Build | House |
| 5:53 | Create | Villager (Male) |
| 5:58 | Create | Villager (Male) |
| 6:20 | Research | Loom |
| 7:00 | Create | Villager (Male) |
| 7:23 | Research | Feudal Age |
| 7:48 | Build | Barracks |
| 8:36 | Build | House |
| 9:35 | Create | Villager (Male) |
| 9:35 | Age | Feudal Age |
| 9:40 | Build | Stable |
| 10:06 | Create | Villager (Male) |
| 10:07 | Create | Villager (Male) |
| 10:07 | Create | Villager (Male) |
| 10:11 | Build | House |
| 10:15 | Research | Double-Bit Axe |
| 10:15 | Research | Horse Collar |
| 10:19 | Create | Villager (Male) |
| 10:37 | Create | Scout Cavalry |
| 10:38 | Create | Scout Cavalry |
| 10:56 | Build | House |
| 11:00 | Build | Farm |
| 11:01 | Build | Farm |
| 11:10 | Build | Farm |
| 11:22 | Create | Scout Cavalry |
| 11:48 | Build | House |
| 11:49 | Create | Villager (Male) |
| 11:50 | Create | Villager (Male) |
| 11:54 | Create | Villager (Male) |
| 11:57 | Create | Villager (Male) |
| 12:02 | Build | Farm |
| 12:11 | Create | Scout Cavalry |
| 12:16 | Build | Market |
| 12:17 | Create | Scout Cavalry |
| 12:25 | Build | Farm |
| 12:33 | Build | House |
| 12:40 | Create | Villager (Male) |
| 12:42 | Build | Farm |
| 12:47 | Build | Farm |
| 13:11 | Create | Scout Cavalry |
| 13:34 | Create | Villager (Male) |
| 13:42 | Build | House |
| 13:43 | Create | Villager (Male) |
| 13:48 | Build | House |
| 14:05 | Create | Villager (Male) |
| 14:21 | Build | Blacksmith |
| 14:23 | Build | Blacksmith |
| 14:27 | Build | Farm |
| 14:29 | Create | Scout Cavalry |
| 14:35 | Build | House |
| 14:36 | Create | Villager (Male) |
| 14:58 | Create | Scout Cavalry |
| 15:10 | Research | Forging |
| 15:17 | Build | Mining Camp |
| 15:21 | Create | Villager (Male) |
| 15:32 | Create | Villager (Male) |
| 15:34 | Build | House |
| 15:46 | Build | Farm |
| 15:46 | Create | Villager (Male) |
| 16:00 | Build | Lumber Camp |
| 16:06 | Create | Scout Cavalry |
| 16:14 | Build | House |
| 16:15 | Create | Villager (Male) |
| 16:46 | Create | Scout Cavalry |
| 17:06 | Research | Bloodlines |
| 17:15 | Build | House |
| 17:16 | Create | Villager (Male) |
| 17:35 | Create | Villager (Male) |
| 17:45 | Create | Scout Cavalry |
| 18:36 | Build | House |
| 18:37 | Build | House |
| 18:38 | Create | Villager (Male) |
| 18:40 | Research | Wheelbarrow |
| 18:40 | Research | Wheelbarrow |
| 19:38 | Build | Stable |
| 19:54 | Research | Castle Age |
| 20:03 | Create | Scout Cavalry |
| 20:03 | Create | Scout Cavalry |
| 20:50 | Research | Scale Barding Armor |
| 22:16 | Build | Stable |
| 22:35 | Age | Castle Age |
| 22:37 | Create | Knight |
| 22:38 | Create | Knight |
| 22:38 | Create | Knight |
| 22:40 | Research | Chain Barding Armor |
| 22:40 | Create | Villager (Male) |
| 22:46 | Build | Town Center |
| 22:59 | Research | Bow Saw |
| 23:23 | Create | Knight |
| 23:36 | Create | Knight |
| 23:49 | Build | House |
| 23:49 | Build | House |
| 24:04 | Create | Knight |
| 24:12 | Build | Farm |
| 24:13 | Build | Farm |
| 24:14 | Build | Farm |
| 24:14 | Build | Farm |
| 24:15 | Build | Farm |
| 24:21 | Create | Knight |
| 24:27 | Create | Villager (Male) |
| 24:43 | Create | Villager (Male) |
| 24:51 | Create | Knight |
| 25:14 | Research | Light Cavalry (upgrade) |
| 25:50 | Create | Knight ×2 |
| 25:50 | Create | Knight ×2 |
| 25:55 | Create | Villager (Male) |
| 25:57 | Build | Farm |
| 26:06 | Build | House |
| 26:06 | Build | House |
| 26:07 | Create | Villager (Male) |
| 26:09 | Build | Farm |
| 26:10 | Create | Villager (Male) |
| 26:29 | Create | Knight |
| 26:45 | Build | Town Center |
| 26:48 | Create | Knight |
| 26:48 | Create | Knight |
| 26:50 | Create | Villager (Male) |
| 26:53 | Build | Farm |
| 27:00 | Create | Villager (Male) |
| 27:05 | Build | House |
| 27:05 | Build | House |
| 27:31 | Create | Villager (Male) |
| 27:40 | Create | Villager (Male) |
| 27:43 | Build | House |
| 28:01 | Create | Villager (Male) |
| 28:02 | Create | Villager (Male) |
| 28:04 | Build | House |
| 28:04 | Build | House |
| 28:06 | Create | Villager (Male) |
| 28:08 | Create | Knight |
| 28:09 | Create | Knight |
Build order — Sebastian
First 150 of 239 actions detected
| 0:01 | Create | Villager (Male) |
| 0:02 | Create | Villager (Male) |
| 0:02 | Create | Villager (Male) |
| 0:07 | Build | House |
| 0:14 | Build | House |
| 0:44 | Create | Villager (Male) |
| 1:26 | Build | Lumber Camp |
| 1:30 | Create | Villager (Male) |
| 1:43 | Create | Villager (Male) |
| 2:09 | Create | Villager (Male) |
| 3:14 | Create | Villager (Male) |
| 3:14 | Create | Villager (Male) |
| 3:44 | Create | Villager (Male) |
| 3:45 | Create | Villager (Male) |
| 4:22 | Create | Villager (Male) |
| 4:22 | Create | Villager (Male) |
| 4:22 | Create | Villager (Male) |
| 4:29 | Build | House |
| 4:44 | Research | Loom |
| 4:47 | Create | Villager (Male) |
| 5:35 | Create | Villager (Male) |
| 5:36 | Create | Villager (Male) |
| 6:35 | Build | Mill |
| 6:54 | Create | Villager (Male) |
| 6:55 | Create | Villager (Male) |
| 7:14 | Create | Villager (Male) |
| 7:30 | Build | House |
| 7:59 | Research | Feudal Age |
| 8:40 | Build | Mining Camp |
| 8:48 | Create | Villager (Male) |
| 9:08 | Build | Barracks |
| 9:19 | Build | Lumber Camp |
| 9:35 | Create | Villager (Male) |
| 10:09 | Age | Feudal Age |
| 10:20 | Create | Villager (Male) |
| 10:30 | Build | Farm |
| 10:38 | Build | House |
| 10:39 | Build | House |
| 11:02 | Create | Villager (Male) |
| 11:22 | Create | Villager (Male) |
| 12:06 | Create | Villager (Male) |
| 12:20 | Create | Villager (Male) |
| 12:33 | Create | Villager (Male) |
| 12:44 | Build | Farm |
| 13:13 | Create | Villager (Male) |
| 13:37 | Build | Mill |
| 13:52 | Build | Dock |
| 14:06 | Build | Farm |
| 14:09 | Create | Villager (Male) |
| 15:05 | Create | Villager (Male) |
| 15:06 | Create | Villager (Male) |
| 15:13 | Create | Fishing Ship |
| 15:14 | Create | Fishing Ship |
| 15:14 | Create | Fishing Ship |
| 15:15 | Create | Fishing Ship |
| 15:19 | Build | House |
| 15:20 | Build | House |
| 15:21 | Build | House |
| 15:22 | Build | House |
| 15:34 | Create | Villager (Male) |
| 15:54 | Build | Lumber Camp |
| 16:20 | Create | Villager (Male) |
| 16:21 | Create | Villager (Male) |
| 16:54 | Build | Stable |
| 17:18 | Build | Blacksmith |
| 17:24 | Create | Villager (Male) |
| 17:30 | Create | Fishing Ship |
| 17:51 | Research | Castle Age |
| 17:51 | Research | Castle Age |
| 18:17 | Build | Farm |
| 18:17 | Build | Farm |
| 18:18 | Build | Farm |
| 18:24 | Build | Farm |
| 18:26 | Build | Farm |
| 18:27 | Build | Farm |
| 18:40 | Create | Villager (Male) |
| 18:51 | Build | Farm |
| 19:25 | Create | Fishing Ship |
| 19:26 | Create | Fishing Ship |
| 19:47 | Create | Spearman |
| 19:47 | Create | Spearman |
| 19:59 | Build | House |
| 20:03 | Build | House |
| 20:07 | Build | House |
| 20:19 | Build | Farm |
| 20:31 | Age | Castle Age |
| 20:37 | Create | Spearman |
| 20:38 | Create | Spearman |
| 20:42 | Create | Knight |
| 20:42 | Create | Knight |
| 20:42 | Create | Knight |
| 20:55 | Create | Spearman |
| 20:56 | Create | Spearman |
| 21:02 | Create | Knight |
| 21:51 | Create | Knight |
| 21:51 | Create | Knight |
| 21:54 | Research | Scale Barding Armor |
| 22:19 | Build | Farm |
| 22:23 | Build | Farm |
| 22:23 | Build | Farm |
| 22:24 | Build | Farm |
| 22:47 | Build | Palisade Gate |
| 22:58 | Build | Mining Camp |
| 23:11 | Create | Knight |
| 24:23 | Create | Villager (Male) |
| 24:24 | Create | Villager (Male) |
| 24:27 | Build | Farm |
| 24:48 | Create | Villager (Male) |
| 24:51 | Build | Farm |
| 24:56 | Create | Knight |
| 24:56 | Create | Knight |
| 24:56 | Create | Knight |
| 25:08 | Build | Town Center |
| 25:56 | Research | Pikeman (upgrade) |
| 25:59 | Create | Spearman |
| 25:59 | Create | Spearman |
| 26:15 | Create | Spearman |
| 26:16 | Create | Spearman |
| 26:42 | Create | Villager (Male) |
| 26:43 | Create | Villager (Male) |
| 26:57 | Create | Villager (Male) |
| 26:58 | Create | Villager (Male) |
| 27:57 | Create | Spearman |
| 28:00 | Create | Knight |
| 28:02 | Create | Villager (Male) |
| 28:06 | Create | Villager (Male) |
| 28:06 | Create | Villager (Male) |
| 28:08 | Create | Villager (Male) |
| 28:10 | Create | Villager (Male) |
| 28:10 | Create | Villager (Male) |
| 28:13 | Create | Knight |
| 28:13 | Create | Knight |
| 28:45 | Build | Farm |
| 28:57 | Create | Villager (Male) |
| 28:58 | Create | Villager (Male) |
| 29:07 | Build | House |
| 29:57 | Create | Villager (Male) |
| 30:00 | Build | House |
| 30:01 | Build | House |
| 30:08 | Create | Villager (Male) |
| 30:10 | Create | Villager (Male) |
| 30:10 | Create | Villager (Male) |
| 30:26 | Build | House |
| 31:12 | Create | Knight |
| 31:12 | Create | Knight |
| 31:19 | Research | Chain Barding Armor |
| 31:48 | Create | Villager (Male) |
| 31:48 | Create | Villager (Male) |
| 31:51 | Create | Villager (Male) |
| 31:51 | Create | Villager (Male) |
Build order — CH1ll3n
First 150 of 156 actions detected
| 0:02 | Create | Villager (Male) |
| 0:02 | Create | Villager (Male) |
| 0:06 | Build | House |
| 0:09 | Build | House |
| 1:07 | Create | Villager (Male) |
| 1:30 | Create | Villager (Male) |
| 2:03 | Research | Loom |
| 2:25 | Create | Villager (Male) |
| 3:02 | Create | Villager (Male) |
| 3:02 | Create | Villager (Male) |
| 3:38 | Create | Villager (Male) |
| 3:56 | Create | Villager (Male) |
| 4:01 | Build | House |
| 4:12 | Build | Lumber Camp |
| 4:24 | Create | Villager (Male) |
| 4:46 | Create | Villager (Male) |
| 5:33 | Create | Villager (Male) |
| 5:54 | Create | Villager (Male) |
| 6:29 | Create | Villager (Male) |
| 6:41 | Create | Villager (Male) |
| 6:50 | Build | House |
| 7:15 | Create | Villager (Male) |
| 7:27 | Build | Mill |
| 8:05 | Research | Feudal Age |
| 8:56 | Build | House |
| 9:21 | Create | Villager (Male) |
| 9:21 | Create | Villager (Male) |
| 10:15 | Age | Feudal Age |
| 10:31 | Create | Villager (Male) |
| 10:46 | Build | Barracks |
| 10:55 | Research | Horse Collar |
| 11:22 | Research | Double-Bit Axe |
| 11:38 | Create | Villager (Male) |
| 11:38 | Create | Villager (Male) |
| 11:48 | Build | Farm |
| 11:57 | Build | Farm |
| 12:02 | Build | Stable |
| 12:35 | Create | Villager (Male) |
| 12:35 | Create | Villager (Male) |
| 12:42 | Build | Farm |
| 12:56 | Build | House |
| 13:09 | Build | Mining Camp |
| 13:29 | Build | Farm |
| 13:39 | Create | Scout Cavalry |
| 13:39 | Create | Scout Cavalry |
| 13:39 | Create | Scout Cavalry |
| 14:31 | Create | Villager (Male) |
| 14:31 | Create | Villager (Male) |
| 14:33 | Build | Farm |
| 14:47 | Build | House |
| 17:04 | Create | Villager (Male) |
| 17:04 | Create | Villager (Male) |
| 17:13 | Create | Scout Cavalry |
| 17:13 | Create | Scout Cavalry |
| 17:20 | Build | Farm |
| 17:21 | Build | Farm |
| 17:22 | Build | Farm |
| 17:28 | Build | Farm |
| 17:30 | Build | Farm |
| 17:49 | Build | Farm |
| 18:58 | Build | Mining Camp |
| 19:07 | Build | Mining Camp |
| 19:13 | Create | Villager (Male) |
| 19:13 | Create | Villager (Male) |
| 19:28 | Build | House |
| 19:35 | Build | House |
| 20:09 | Create | Villager (Male) |
| 20:09 | Create | Villager (Male) |
| 20:40 | Build | Mining Camp |
| 20:52 | Build | Blacksmith |
| 21:11 | Build | Farm |
| 21:13 | Build | Farm |
| 22:33 | Research | Castle Age |
| 23:09 | Build | Archery Range |
| 23:44 | Build | Farm |
| 23:45 | Build | Farm |
| 24:38 | Create | Villager (Male) |
| 24:38 | Create | Villager (Male) |
| 25:13 | Age | Castle Age |
| 26:58 | Build | Town Center |
| 27:52 | Create | Villager (Male) |
| 27:52 | Create | Villager (Male) |
| 27:52 | Create | Villager (Male) |
| 28:44 | Create | Villager (Male) |
| 28:44 | Create | Villager (Male) |
| 29:09 | Create | Villager (Male) |
| 29:50 | Create | Villager (Male) |
| 29:50 | Create | Villager (Male) |
| 30:03 | Create | Villager (Male) |
| 30:03 | Create | Villager (Male) |
| 31:12 | Create | Villager (Male) |
| 31:13 | Create | Villager (Male) |
| 31:57 | Create | Villager (Male) |
| 31:57 | Create | Villager (Male) |
| 31:57 | Create | Villager (Male) |
| 32:15 | Create | Villager (Male) |
| 32:15 | Create | Villager (Male) |
| 33:23 | Build | Farm |
| 33:25 | Build | Farm |
| 33:33 | Build | Farm |
| 33:34 | Build | Farm |
| 33:36 | Build | Farm |
| 33:37 | Build | Farm |
| 33:49 | Build | Farm |
| 34:03 | Create | Villager (Male) |
| 34:03 | Create | Villager (Male) |
| 34:03 | Create | Villager (Male) |
| 35:24 | Build | Farm |
| 35:25 | Build | Farm |
| 35:27 | Build | Farm |
| 35:56 | Build | Barracks |
| 35:57 | Build | Barracks |
| 36:03 | Build | Barracks |
| 37:42 | Build | Archery Range |
| 37:43 | Build | Archery Range |
| 37:45 | Build | Archery Range |
| 38:02 | Create | Villager (Male) |
| 38:03 | Create | Villager (Male) |
| 38:21 | Research | Pikeman (upgrade) |
| 39:32 | Research | Squires |
| 39:41 | Research | Forging |
| 39:50 | Build | Mining Camp |
| 40:07 | Build | Mill |
| 40:11 | Build | Farm |
| 40:12 | Build | Farm |
| 40:14 | Build | Farm |
| 40:34 | Create | Spearman |
| 40:35 | Create | Spearman |
| 40:35 | Create | Spearman |
| 40:35 | Create | Spearman |
| 40:35 | Create | Spearman |
| 40:36 | Create | Spearman |
| 40:36 | Create | Spearman |
| 40:36 | Create | Spearman |
| 40:36 | Create | Spearman |
| 40:37 | Create | Spearman |
| 40:37 | Create | Spearman |
| 40:37 | Create | Spearman |
| 40:38 | Create | Spearman |
| 40:38 | Create | Spearman |
| 40:38 | Create | Spearman |
| 40:38 | Create | Spearman |
| 40:39 | Create | Spearman |
| 40:39 | Create | Spearman |
| 40:39 | Create | Spearman |
| 40:39 | Create | Spearman |
| 40:40 | Create | Spearman |
| 41:15 | Research | Elite Skirmisher (upgrade) |
| 41:27 | Build | Farm |
| 41:28 | Build | Farm |
Match timeline
| 5:23 | gobot · first_building Dock |
| 7:48 | schlauchnase · first_building Barracks |
| 8:54 | marty. · first_building Barracks |
| 9:08 | Sebastian · first_building Barracks |
| 9:35 | schlauchnase · age_up feudal |
| 9:40 | schlauchnase · first_building Stable |
| 10:09 | Sebastian · age_up feudal |
| 10:15 | CH1ll3n · age_up feudal |
| 10:17 | gobot · age_up feudal |
| 10:20 | gobot · first_building Barracks |
| 10:24 | marty. · age_up feudal |
| 10:27 | marty. · first_building Archery Range |
| 10:46 | CH1ll3n · first_building Barracks |
| 11:09 | gobot · first_building Archery Range |
| 12:00 | 4k1m · age_up feudal |
| 12:02 | CH1ll3n · first_building Stable |
| 12:34 | 4k1m · wall_segment Palisade Wall x1 |
| 13:28 | 4k1m · wall_segment Palisade Wall x1 |
| 13:29 | 4k1m · wall_segment Palisade Wall x1 |
| 13:46 | 4k1m · wall_segment Palisade Wall x1 |
| 13:49 | 4k1m · wall_segment Palisade Wall x1 |
| 13:52 | Sebastian · first_building Dock |
| 15:07 | schlauchnase · first_market_sell 100 wood |
| 15:09 | schlauchnase · first_market_buy 100 food |
| 15:55 | 4k1m · age_up castle |
| 16:10 | 4k1m · first_building Barracks |
| 16:54 | Sebastian · first_building Stable |
| 17:44 | 4k1m · first_building Castle |
| 18:16 | gobot · first_market_sell 100 wood |
| 20:29 | 4k1m · first_building Dock |
| 20:31 | Sebastian · age_up castle |
| 21:42 | gobot · age_up castle |
| 22:19 | 4k1m · first_market_buy 100 stone |
| 22:35 | schlauchnase · age_up castle |
| 23:09 | CH1ll3n · first_building Archery Range |
| 24:12 | 4k1m · first_building Siege Workshop |
| 24:28 | marty. · age_up castle |
| 24:46 | gobot · first_market_buy 100 wood |
| 24:47 | gobot · first_building Siege Workshop |
| 25:13 | CH1ll3n · age_up castle |
| 29:30 | marty. · first_building Siege Workshop |
| 31:01 | gobot · first_building Monastery |
| 31:18 | 4k1m · first_building Archery Range |
| 32:29 | 4k1m · first_market_sell 100 wood |
| 33:13 | Sebastian · first_building Castle |
| 33:29 | 4k1m · wall_segment Palisade Wall x1 |
| 33:39 | gobot · first_building Castle |
| 34:14 | 4k1m · wall_segment Palisade Wall x1 |
| 39:56 | Sebastian · age_up imperial |
| 40:16 | schlauchnase · first_building Siege Workshop |
| 40:19 | gobot · age_up imperial |
| 40:59 | marty. · first_building Monastery |
| 41:25 | schlauchnase · first_building Monastery |
| 42:10 | schlauchnase · resign |
[ AI ANALYSIS · 1 CREDIT ]
What really happened in this match?
Wolo.gg analyzes every decision: build order, eco, micro, common mistakes by bracket. Personalized analysis on WhatsApp or Discord in 30 seconds.
Civ guide
Britons
Map guide
WM26 - Illusion (Custom)
Perfil
4k1m